 Dungeon Crawl Stone Soup version 0.31-a0-214-gb37851dbb3 (webtiles) character file.

Game seed: 6063637418718315732

309 nono the Trooper (level 6, -3/66 HPs)
             Began as an Ogre Fighter on July 1, 2023.
             Slain by an orc
             ... wielding a +0 trident
              (4 damage)
             ... on level 4 of the Dungeon.
             The game lasted 00:07:18 (2984 turns).

nono the Trooper (Ogre Fighter)                     Turns: 2984, Time: 00:07:18

Health: -3/66      AC:  4    Str: 23    XL:     6   Next: 41%
Magic:  6/6        EV:  9    Int:  9    God:
Gold:   196        SH:  0    Dex:  8    Spells: 5/5 levels left

rFire   . . .        a - +0 flail
rCold   . . .        c - +0 kite shield
rNeg    . . .        b - +0 robe
rPois   .            (helmet restricted)
rElec   .            s - +0 cloak
rCorr   .            (gloves unavailable)
SInv    .            (boots unavailable)
Will    .....        h - amulet of the acrobat
Stlth   +            (no ring)
HPRegen 0.31/turn    (no ring)
MPRegen 0.10/turn

%: acrobat
@: confused, mighty, hasted, very quick
A: large, unfitting armour, tough skin 1
a: no special abilities


You were on level 4 of the Dungeon.
You visited 1 branch of the dungeon, and saw 4 of its levels.

You collected 196 gold pieces.

Inventory:

Hand Weapons
 a - a +0 flail (weapon)
 t - a +0 hammer
Missiles
 m - 2 boomerangs (quivered)
Armour
 b - a +0 robe (worn)
 c - a +0 kite shield (worn)
 s - a +0 cloak (worn)
Jewellery
 h - an amulet of the acrobat (around neck)
 l - a ring of resist corrosion
 q - a ring of protection from cold
Scrolls
 f - a scroll of vulnerability {unknown}
 g - a scroll of identify {unknown}
 j - a scroll of immolation {unknown}
 k - a scroll of blinking {unknown}
 p - 2 scrolls of fear {unknown}
 r - a scroll of enchant armour {unknown}
 w - 3 scrolls of teleportation {unknown}
 x - a scroll of revelation {unknown}
Potions
 i - a potion of magic
 o - a potion of heal wounds {unknown}
 u - a potion of attraction {unknown}
 v - a potion of resistance {unknown}


   Skills:
 + Level 5.6 Fighting
 + Level 3.1 Maces & Flails
 + Level 1.7 Throwing
 + Level 3.7 Dodging
 + Level 4.2 Shields


You had 5 spell levels left.
You didn't know any spells.
Your spell library contained the following spells:

 Spells                   Type           Power      Damage    Failure   Level
 Ensorcelled Hibernation  Hex/Ice        0%         N/A       78%         2
 Passwall                 Tmut/Erth      0%         N/A       78%         2
 Ozocubu's Armour         Ice            0%         N/A       95%         3
 Swiftness                Air            0%         N/A       95%         3
 Metabolic Englaciation   Hex/Ice        0%         N/A       100%        5
 Conjure Ball Lightning   Conj/Air       0%         3x3d6     100%        6
 Simulacrum               Ice/Necr       0%         N/A       100%        6
 Discord                  Hex            0%         N/A       100%        8
 Disjunction              Tloc           0%         N/A       100%        8


Dungeon Overview and Level Annotations

Branches:
Dungeon (4/15)
 Temple: D:4-7

Altars:
Dithmenos
Gozag
Xom
Zin

Shops:
D:3 *


Innate Abilities, Weirdness & Mutations

You are too large for most types of armour.
You have tough skin. (AC +1)


Message History

The magic dart hits you!
* * * LOW HITPOINT WARNING * * *
You hear some strange, mumbled words.
A puff of flame appears from out of thin air!
The puff of flame hits you.
* * * LOW HITPOINT WARNING * * *
You block the orc's attack.
You feel very mighty all of a sudden.
You hear some strange, mumbled words.
A magic dart appears from out of thin air!
The magic dart hits you.
* * * LOW HITPOINT WARNING * * *
The orc hits you from afar with a +0 trident!
* * * LOW HITPOINT WARNING * * *
You feel better. Something hits you.
* * * LOW HITPOINT WARNING * * *
You block the orc's attack.
You barely miss something.
You hear some strange, mumbled words.
A puff of flame appears from out of thin air!
The puff of flame hits you!
* * * LOW HITPOINT WARNING * * *
The orc hits you but does no damage.
You feel better. The orc closely misses you.
You hear some strange, mumbled words.
You are confused.
Unknown command.
You barely miss something.
The orc hits you from afar with a +0 trident.
* * * LOW HITPOINT WARNING * * *
Something hits you but does no damage.
It was a potion of magic.
Magic courses through your body.
The orc hits you from afar with a +0 trident.
* * * LOW HITPOINT WARNING * * *
Something hits you.
* * * LOW HITPOINT WARNING * * *
It was a potion of haste.
You feel yourself speed up. Something hits you.
* * * LOW HITPOINT WARNING * * *
The orc hits you from afar with a +0 trident.
You die...

..####.###.####.#..<....#
...# #.# #.# ###.##.##.#
...# #.# #.# #.##....#
...# #.# #+# #.#####.#
.#.###.# ... #.#####.#
.......# .... #.......#
.#.####. ..... ####.##.#
...### .....o####...#.###
.....+ ....oo{@..........
...### .....o####...#.###
.#.# ..... ##.##.# ##.#
.... ####.# #.# ... #.#
##.# #+ ...# #### ###


You could see 4 orcs.

Vanquished Creatures
  A phantom (D:3)
  A howler monkey (D:3)
  A jelly (D:2)
  Crazy Yiuf (D:2)
  3 adders
  3 gnolls (D:3)
  2 worms
  A dart slug (D:1)
  6 orcs
  4 ball pythons
  3 bats (D:1)
  18 endoplasms
  3 giant cockroaches
  3 goblins
  6 hobgoblins
  7 kobolds (D:2)
  2 quokkas (D:1)
  2 frilled lizards (D:3)
  6 rats
73 creatures vanquished.

Notes
Turn   | Place    | Note
-------+----------+-------------------------------------------
     0 | D:1      | nono the Ogre Fighter began the quest for the Orb.
     0 | D:1      | Reached XP level 1. HP: 24/24 MP: 1/1
   325 | D:1      | Reached XP level 2. HP: 32/32 MP: 2/2
   799 | D:1      | Reached XP level 3. HP: 40/40 MP: 3/3
  1045 | D:2      | Reached XP level 4. HP: 35/49 MP: 4/4
  1662 | D:2      | Found a runed translucent door.
  1663 | D:2      | Noticed Crazy Yiuf
  1841 | D:2      | Killed Crazy Yiuf
  1842 | D:2      | Reached skill level 5 in Fighting
  1842 | D:2      | Reached XP level 5. HP: 57/57 MP: 5/5
  1904 | D:3      | Reached skill level 1 in Throwing
  1906 | D:3      | Noticed a phantom
  2069 | D:3      | Killed a phantom
  2070 | D:3      | Reached XP level 6. HP: 66/66 MP: 6/6
  2183 | D:3      | Found a shadowy altar of Dithmenos.
  2399 | D:3      | Found a faded altar of an unknown god.
  2442 | D:2      | Found a glowing silver altar of Zin.
  2582 | D:3      | Found an opulent altar of Gozag.
  2587 | D:3      | Found Gozag's Platinum Reserve.
  2625 | D:3      | Found a shimmering altar of Xom.
  2978 | D:4      | HP: 3/66 [orc/+0 trident (7)]
  2983 | D:4      | HP: 2/66 [orc/+0 trident (2)]
  2984 | D:4      | Slain by an orc

Illustrated notes

Levels and vault maps discovered:
D:1:      elethiomel_arrival_quiet, layout_loops_corners, minmay_tromino_i4
D:2:      cheibrodos_fertilizer, layout_loops_cross, basic_altar,
          grunt_decor_arrowhead, uniq_crazy_yiuf_cottage
D:3:      layout_basic, mainiacjoe_overflow_concentric_impassable,
          nicolae_gozag_zags_fifth_avenue, grunt_dithmenos_smoke_and_mirrors,
          dreamdust_ecumenical_altar_angels_and_demons,
          chequers_serial_rivers_room_b
D:4:      layout_loops_corners, minmay_misc_feat_tower, saegor_snake_ambush

Skill      XL: |  1  2  3  4  5 |
---------------+----------------+-----
Maces & Flails | 2 3 |  3.1
Dodging        | 3 |  3.7
Fighting       | 5 |  5.6
Throwing       | 1 |  1.7
Shields        | 4 |  4.2

Action                     |  1- 3 |  4- 6 || total
---------------------------+-------+-------++-------
  Melee: Flail             |   100 |   116 ||   216
  Throw: Boomerang         |       |    17 ||    17
    Use: Potion            |       |     6 ||     6
 Armour: Robe              |    32 |    31 ||    63
  Dodge: Dodged            |    36 |    51 ||    87
  Block: Kite shield       |    44 |    44 ||    88

Table legend: (Time is in decaauts)
 A = Elapsed time spent in this place.
 B = Non-inter-level travel time spent in this place.
 C = Inter-level travel time spent in this place.
 D = Time resting spent in this place.
 E = Time spent auto-exploring this place.
 F = Levels seen in this place.
 G = Mean time per level.
                   A        B        C        D        E       F      G
               +--------+--------+--------+--------+--------+-----+--------+
         Total |   3078 |   2901 |    177 |    108 |   2190 |   4 |  769.5 |
       Dungeon |   3078 |   2901 |    177 |    108 |   2190 |   4 |  769.5 |
               +--------+--------+--------+--------+--------+-----+--------+

Top non-repeatable levels by time:
     D:2: 1249 daAuts
     D:1: 953 daAuts
     D:3: 704 daAuts
     D:4: 170 daAuts
